 Dungeon Crawl Stone Soup version 0.25-a0-681-gdf4e720381 (webtiles) character file.

Game seed: 6784723922920622304, levelgen mode: deterministic

8052 Nixze the Fighter (level 11, -15/144 HPs)
             Began as an Ogre Transmuter on Mar 30, 2020.
             Was an Elder of Fedhas.
             Demolished by a seven-headed hydra (17 damage)
             ... on level 8 of the Dungeon.
             The game lasted 00:28:49 (15078 turns).

Nixze the Fighter (Ogre Transmuter)                Turns: 15078, Time: 00:28:49

Health: -15/144    AC:  7    Str: 17    XL:     11   Next: 24%
Magic:  15/17      EV: 10    Int: 16    God:    Fedhas [****..]
Gold:   372        SH:  0    Dex:  9    Spells: 8/18 levels left

rFire    x x .     SeeInvis .     - Unarmed
rCold    + + +     Gourm    .   (shield currently unavailable)
rNeg     . . .     Faith    .   (armour currently unavailable)
rPois    +         Spirit   .   (helmet currently unavailable)
rElec    .         Reflect  .   (cloak currently unavailable)
rCorr    .         Harm     .   (gloves unavailable)
MR       +....                  (boots unavailable)
Stlth    +.........             (no amulet)
HPRegen  0.34/turn              L - ring of protection from cold
MPRegen  0.15/turn              F - ring of ice

@: about to teleport, ice-form, studying Conjurations
A: large, unfitting armour
a: End Transformation, Wall of Briars, Grow Ballistomycete, Overgrow, Renounce
Religion


You were on level 8 of the Dungeon.
You worshipped Fedhas.
Fedhas was greatly pleased with you.
You were hungry.
You were a creature of crystalline ice.
You visited 2 branches of the dungeon, and saw 11 of its levels.
You also visited: Sewer.

You collected 512 gold pieces.
You spent 140 gold pieces at shops.

Inventory:

Hand Weapons
 l - a +2 vorpal hand axe
 C - a +2 long sword of holy wrath
Missiles
 a - 164 arrows
 c - 6 curare-tipped darts (quivered)
Armour
 g - a +0 hat (melded)
 n - a +0 robe of fire resistance
 D - the +0 robe of Curiosity (melded) {rCorr Dex+6}
   (You found it on level 7 of the Dungeon)

   It affects your dexterity (+6).
   It provides partial protection from all sources of acid and corrosion.
 H - a scarf of cloud immunity (melded)
 N - a +0 buckler
Magical Staves
 A - an uncursed staff of wizardry (melded)
Jewellery
 h - an uncursed ring of see invisible
 F - a ring of ice (right front paw)
 L - a ring of protection from cold (left front paw)
 M - a cursed ring of fire {unknown}
Wands
 b - a wand of random effects (34)
 E - a wand of digging (6)
 I - a wand of iceblast (13)
 K - a wand of flame (36)
 O - a wand of polymorph (7)
Scrolls
 i - a scroll of enchant armour {unknown}
 k - 2 scrolls of identify
 p - 4 scrolls of remove curse
 r - 5 scrolls of teleportation
 s - a scroll of fog {unknown}
 x - a scroll of amnesia {unknown}
 B - a scroll of random uselessness {unknown}
 J - a scroll of magic mapping
Potions
 e - 4 potions of lignification
 f - 4 potions of mutation
 j - 3 potions of might
 m - 4 potions of brilliance
 o - 3 potions of stabbing
 q - a potion of magic
 t - 2 potions of haste {unknown}
 v - 4 potions of curing
 w - 3 potions of flight
 z - 3 potions of cancellation
 G - a potion of berserk rage {unknown}
Books
 y - a manual of Conjurations
Comestibles
 d - 9 rations


   Skills:
 + Level 11.3 Fighting
 - Level 3.8 Long Blades
 - Level 1.7 Dodging
 + Level 8.5 Unarmed Combat
 - Level 4.0 Spellcasting
 - Level 7.0 Transmutations
 - Level 5.6 Ice Magic
 - Level 2.1 Poison Magic
 + Level 2.9 Invocations


You had 8 spell levels left.
You knew the following spells:

 Your Spells              Type           Power        Failure   Level  Hunger
a - Beastly Appendage     Tmut           ####..       1%          1    None
b - Sticks to Snakes      Tmut           ####....     1%          2    ##.....
c - Spider Form           Tmut/Pois      ###.......   8%          3    ###....
d - Ice Form              Ice/Tmut       #####...     12%         4    ####...

Your spell library contained the following spells:

 Spells                   Type           Power        Failure   Level  Hunger
 Animate Skeleton         Necr           N/A          17%         1    None
 Apportation              Tloc           #.....       17%         1    None
 Corona                   Hex            #......      17%         1    None
 Shock                    Conj/Air       #...         17%         1    None
 Summon Small Mammal      Summ           #...         17%         1    None
 Swiftness                Chrm/Air       #.......     26%         2    ##.....
 Blade Hands              Tmut           ####......   26%         5    ######.
 Static Discharge         Conj/Air       #.......     45%         3    ###....
 Airstrike                Air            #.........   86%         4    ####...
 Lightning Bolt           Conj/Air       #.........   99%         5    ######.


Dungeon Overview and Level Annotations

Branches:
Dungeon (10/15)            Temple (0/1) D:7            Lair (1/6) D:8
    Orc (0/2) D:9           Sewer (visited)

Altars:
Elyvilon
Fedhas
Gozag
Nemelex Xobeh
Trog
Uskayaw

Shops:
D:8 }

Annotations:
D:8 Maggie
D:10 Sonja


Innate Abilities, Weirdness & Mutations

You are too large for most types of armour.
((You have tough skin. (AC +1)))


Message History

The seven-headed hydra bites you! The seven-headed hydra bites you.
The seven-headed hydra barely misses you.
The porcupine barely misses you. The porcupine bites you.
* * * LOW HITPOINT WARNING * * *
The porcupine bites you!
* * * LOW HITPOINT WARNING * * *
As you read the scroll of teleportation, it crumbles to dust.
You feel strangely unstable. The seven-headed hydra bites you!
* * * LOW HITPOINT WARNING * * *
The seven-headed hydra bites you!
* * * LOW HITPOINT WARNING * * *
The seven-headed hydra bites you.
* * * LOW HITPOINT WARNING * * *
The seven-headed hydra bites you but does no damage.
The seven-headed hydra barely misses you.
The seven-headed hydra bites you but does no damage.
The seven-headed hydra bites you!
You die...
Fedhas appreciates your contribution to the ecosystem.

#.#..........................
#.#.###..........≈≈≈≈≈≈......
#....##..≈......≈≈≈≈≈≈≈.≈....
###..##..≈.≈..≈≈≈≈≈≈≈≈≈...≈..
#.........≈.≈≈≈≈≈≈≈≈.≈≈≈≈..
#..##...≈≈≈≈≈≈≈≈≈≈≈≈≈≈≈.≈..
#._##..≈≈≈≈≈≈≈.≈≈≈≈.≈≈≈≈...
#..##..≈≈≈≈D≈.≈....≈≈≈≈≈≈≈.
#.........Yr.....>..≈≈≈≈...
##..##...≈≈≈≈≈≈.≈...≈≈≈.≈≈≈.
#...##.....≈≈≈≈...≈..≈≈≈....
#.#.##..≈≈≈≈≈≈≈≈≈≈.≈≈≈≈.)≈..
#.#......≈≈≈≈≈≈≈≈≈≈≈≈≈≈≈....
#.####....≈≈≈..≈≈.≈≈≈..≈....
#.# #....≈......≈≈.≈..≈....
#.# #......................
#.# ##.#############.#.####


You could see a seven-headed hydra and a porcupine.

Vanquished Creatures
  Harold (D:8)
  Pikel (D:6)
  Maurice (D:8)
  A troll (D:8)
  2 hippogriffs
  3 blink frogs (D:8)
  Sigmund (D:2)
  3 yaks (D:9)
  A hungry ghost (D:3)
  4 wargs (D:9)
  A slave (D:6)
  2 hornet zombies
  2 orc warriors
  2 sky beasts (D:7)
  An ice beast (D:7)
  2 phantoms
  4 wolves (D:8)
  5 ogres
  4 centaurs
  Blork the orc (D:4)
  7 bullfrogs
  2 scorpions
  5 electric eels (D:8)
  A howler monkey (D:5)
  7 crimson imps
  2 jellies
  5 hounds
  5 orc wizards
  7 orc priests
  2 bullfrog skeletons
  2 centaur skeletons
  5 iguanas
  5 worker ants
  A hound zombie (D:8)
  A hound skeleton (D:5)
  A worker ant zombie (D:5)
  2 river rats (D:6)
  13 adders
  4 gnolls
  3 shadow imps
  An adder zombie (D:7)
  2 adder skeletons
  3 worms
  4 dart slugs
  11 leopard geckos
  21 orcs
  11 bats
  12 giant cockroaches
  12 goblins
  9 hobgoblins
  4 jackals
  A kobold (D:2)
  3 quokkas
  4 ball pythons
  9 frilled lizards
  A jackal skeleton (D:5)
  A jackal zombie (D:6)
  A leopard gecko skeleton (D:6)
  A quokka skeleton (D:4)
  A quokka zombie (D:6)
  15 rats
  A plant (D:2)
250 creatures vanquished.

Vanquished Creatures (others)
  A hobgoblin (D:1)
  A frilled lizard (D:1)
2 creatures vanquished.

Grand Total: 252 creatures vanquished

Notes
Turn   | Place    | Note
-------+----------+-------------------------------------------
     0 | D:1      | Nixze the Ogre Transmuter began the quest for the Orb.
     0 | D:1      | Reached XP level 1. HP: 19/19 MP: 3/3
   450 | D:1      | Reached XP level 2. HP: 25/28 MP: 1/5
   459 | D:1      | Reached skill level 2 in Fighting
   839 | D:1      | Learned a level 2 spell: Sticks to Snakes
   956 | D:1      | Reached XP level 3. HP: 34/35 MP: 4/6
  1142 | D:1      | Learned a level 3 spell: Spider Form
  2060 | D:2      | Reached XP level 4. HP: 34/44 MP: 1/7
  2204 | D:2      | Found a white marble altar of Elyvilon,
  2325 | D:2      | Found a blossoming altar of Fedhas,
  2338 | D:2      | Noticed Sigmund
  2349 | D:2      | Killed Sigmund
  2349 | D:2      | Reached skill level 3 in Fighting
  2349 | D:2      | Reached XP level 5. HP: 53/53 MP: 3/8
  2510 | D:2      | Became a worshipper of Fedhas Madash
  2619 | D:2      | Reached XP level 6. HP: 61/61 MP: 5/9
  3509 | D:2      | Reached skill level 4 in Fighting
  3736 | D:3      | Reached * piety under Fedhas
  3780 | D:3      | Noticed a hungry ghost
  3814 | D:3      | Killed a hungry ghost
  3814 | D:3      | Reached skill level 5 in Fighting
  3814 | D:3      | Reached XP level 7. HP: 44/72 MP: 1/10
  4760 | D:4      | Learned a level 4 spell: Ice Form
  4782 | D:4      | Noticed Blork the orc
  4796 | D:4      | Killed Blork the orc
  5082 | D:4      | Found a sparkling altar of Nemelex Xobeh,
  5192 | D:4      | Reached skill level 1 in Ice Magic
  5785 | D:5      | Entered Level 5 of the Dungeon
  5815 | D:4      | Reached XP level 8. HP: 47/83 MP: 8/13
  6182 | D:5      | Reached skill level 6 in Fighting
  6209 | D:5      | Found a bloodstained altar of Trog,
  6342 | D:4      | Reached skill level 5 in Unarmed Combat
  6749 | D:5      | Reached skill level 5 in Transmutations
  7059 | D:5      | Reached ** piety under Fedhas
  7758 | D:6      | Reached skill level 7 in Fighting
  7758 | D:6      | Reached XP level 9. HP: 86/93 MP: 12/15
  8133 | D:6      | Found a glowing drain,
  8153 | Sewer    | Entered a sewer
  9173 | D:6      | Noticed Pikel
  9197 | D:6      | Killed Pikel
  9197 | D:6      | Reached skill level 8 in Fighting
  9197 | D:6      | Reached skill level 5 in Ice Magic
  9358 | D:7      | Found a sparkling altar of Nemelex Xobeh,
  9364 | D:7      | Reached *** piety under Fedhas
  9433 | D:7      | Found a staircase to the Ecumenical Temple,
  9623 | D:6      | Reached skill level 9 in Fighting
 10144 | D:7      | Got a warped robe
 10155 | D:7      | Identified the +0 robe of Curiosity {rCorr Dex+6} (You
                  | found it on level 7 of the Dungeon)
 10228 | D:7      | Reached XP level 10. HP: 107/107 MP: 12/16
 10271 | D:7      | Reached skill level 1 in Long Blades
 10720 | D:7      | Found a hide-covered altar of Uskayaw,
 10933 | D:8      | Found Nieczito's Gadget Emporium,
 10933 | D:8      | Noticed Harold
 10955 | D:8      | Killed Harold
 10955 | D:8      | Reached skill level 10 in Fighting
 10975 | D:8      | Bought a wand of iceblast (6) for 140 gold pieces
 11707 | D:8      | Found a staircase to the Lair,
 12454 | D:8      | Reached **** piety under Fedhas
 12653 | D:8      | Noticed Maggie
 13072 | D:8      | Noticed Maurice
 13084 | D:8      | Killed Maurice
 13219 | D:8      | Found an opulent altar of Gozag,
 13498 | D:9      | Found a staircase to the Orcish Mines,
 13505 | D:9      | Reached skill level 1 in Invocations
 13507 | D:9      | Reached XP level 11. HP: 116/119 MP: 17/17
 13639 | D:9      | Reached skill level 11 in Fighting
 14522 | D:10     | Entered Level 10 of the Dungeon
 14526 | D:10     | Noticed Sonja
 14666 | Lair:1   | Entered Level 1 of the Lair of Beasts
 14669 | Lair:1   | Noticed a seven-headed hydra
 15078 | D:8      | HP: 2/144 [seven-headed hydra (6)]
 15078 | D:8      | Demolished by a seven-headed hydra

Levels and vault maps discovered:
D:1:      sevenhm_arrival_forest_fort_small_5, layout_basic,
          minmay_misc_feat_roman, lemuel_flame_loot_1
D:2:      layout_loops_ring, elyvilon_altar_5, fedhas_altar_3,
          grunt_decor_resistance, kennysheep_pointless_box, uniq_sigmund
D:3:      layout_basic, grunt_ministairs_12, nrook_campfire
D:4:      layout_loops_ring, nemelex_lonely_heart_becter, uniq_blork_the_orc
D:5:      layout_basic, old_standard_altar, first_ration, minmay_fountain_box,
          minmay_manual_mares
D:6:      layout_loops_corners, gup_sewer_entry_bubbles, uniq_pikel
D:7:      layout_loops_corners, nemelex_xobeh_ov_fountains_minmay,
          lemuel_crystal_altar, minmay_temple_entry_glass, minivault_25
D:8:      layout_loops_ring, overflow_temple_1_default, erik_lair_island,
          serial_shops, shop, uniq_maurice, uniq_harold, uniq_maggie
D:9:      layout_irregular_city, minmay_orc_entry_guard_dogs, serial_glass,
          glass_columns_a, glass_columns_a
D:10:     layout_rooms, enter_bailey_2, hangedman_ranch
          [blue_anna_fruit_fields], uniq_sonja, uniq_erolcha
Lair:1:   layout_cave_pods, cheibrodos_lair_lostbears

Skill      XL: |  1  2  3  4  5  6  7  8  9 10 11 |
---------------+----------------------------------+-----
Transmutations | 2 3 4 5 6 7 |  7.0
Fighting       | 2 3 5 7 9 10 11 | 11.3
Unarmed Combat | 3 4 5 7 8 |  8.5
Poison Magic   | 2 |  2.1
Spellcasting   | 3 4 |  4.0
Ice Magic      | 1 4 5 |  5.6
Long Blades    | 3 |  3.8
Invocations    | 1 2 |  2.9
Dodging        | |  1.7

Action                   |  1- 3 |  4- 6 |  7- 9 | 10-12 || total
-------------------------+-------+-------+-------+-------++-------
Melee: Unarmed           |   153 |   201 |   409 |   213 ||   976
       Headbutt          |     6 |       |       |       ||     6
       Kick              |     7 |       |       |       ||     7
       Punch             |     3 |     1 |       |       ||     4
       Staff             |       |       |     1 |     2 ||     3
 Cast: Beastly Appendage |    29 |     1 |       |       ||    30
       Spider Form       |     1 |    21 |    50 |       ||    72
       Ice Form          |       |       |    10 |    35 ||    45
       Sticks to Snakes  |       |       |       |     3 ||     3
  Use: Scroll            |       |     1 |    10 |     5 ||    16
 Stab: Sleeping          |       |     2 |     1 |       ||     3
  Eat: Chunk             |     3 |    12 |    26 |    18 ||    59
       Ration            |       |     1 |     1 |     1 ||     3
Armor: Robe              |    38 |     8 |     4 |       ||    50
       Skin              |       |     9 |    31 |    43 ||    83
Dodge: Dodged            |    98 |    84 |   303 |    87 ||   572

Table legend:
 A = Non-vault XP
 B = Vault XP
 C = Vault XP percentage of total XP
 D = Non-vault monster count
 E = Vault monster count
 F = Vault count percentage of total count
                 A         B        C        D         E       F
            +---------+---------+-------+---------+---------+-------
      Total |    6992 |    4511 |  39.2 |     199 |      49 |  19.8
            +---------+---------+-------+---------+---------+-------
        D:1 |      67 |       0 |   0.0 |      30 |       0 |   0.0
        D:2 |      69 |     268 |  79.5 |      26 |       5 |  16.1
        D:3 |     291 |      47 |  13.9 |      20 |       2 |   9.1
        D:4 |     468 |      91 |  16.3 |      20 |       1 |   4.8
        D:5 |     811 |     227 |  21.9 |      21 |       2 |   8.7
        D:6 |     736 |     710 |  49.1 |      15 |       8 |  34.8
        D:7 |    1399 |       0 |   0.0 |      26 |       0 |   0.0
        D:8 |    1787 |    2290 |  56.2 |      25 |       9 |  26.5
        D:9 |    1364 |     662 |  32.7 |      16 |       4 |  20.0
      Sewer |       0 |     216 | 100.0 |       0 |      18 | 100.0
            +---------+---------+-------+---------+---------+-------
